 Dungeon Crawl Stone Soup version 0.20.2-3-g29329e0561 (webtiles) character file.

682 Alfie the Skirmisher (level 7, -4/61 HPs)
             Began as a Hill Orc Fighter on Aug 26, 2022.
             Slain by Alfie's ghost (11 damage)
             ... on level 6 of the Dungeon.
             The game lasted 00:14:10 (4256 turns).

Alfie the Skirmisher (Hill Orc Fighter)             Turns: 4256, Time: 00:14:10

Health: -4/61      AC: 11    Str: 21    XL:     7   Next: 61%
Magic:  7/7        EV:  8    Int:  8    God:
Gold:   220        SH: 10    Dex: 10    Spells: 6/6 levels left

rFire    . . .     SeeInvis .   a - +0 rapier
rCold    . . .     Gourm    .   c - +0 shield
rNeg     . . .     Faith    .   b - +0 scale mail
rPois    .         Spirit   .   m - +2 helmet
rElec    .         Reflect  .   (no cloak)
rCorr    .         Harm     .   e - +0 pair of gloves
MR       .....                  (no boots)
Stlth    ..........             q - amulet of regeneration
Regen    0.6/turn               (no ring)
MPRegen  0.1/turn               (no ring)

@: no status effects
A: no striking features
a: no special abilities


You were on level 6 of the Dungeon.
You were not hungry.

You visited 1 branch of the dungeon, and saw 6 of its levels.

You collected 220 gold pieces.

Inventory:

Hand Weapons
 a - a +0 rapier (weapon)
Armour
 b - a +0 scale mail (worn)
 c - a +0 shield (worn)
 e - a +0 pair of gloves (worn)
 m - a +2 helmet (worn)
 n - a +0 cloak
Jewellery
 d - an uncursed ring of wizardry
 q - an amulet of regeneration (around neck)
Wands
 j - a wand of disintegration (5/24)
 l - a wand of lightning (3/15)
 t - a wand of paralysis (8/24)
 y - a wand of scattershot (5/9)
Scrolls
 h - 2 scrolls of teleportation
 k - a scroll of identify
 w - a scroll of magic mapping
 z - 3 scrolls of recharging
 A - a scroll of enchant armour {unknown}
 B - a scroll of immolation {unknown}
Potions
 i - a potion of berserk rage
 o - a potion of heal wounds {unknown}
 p - a potion of flight
 r - a potion of lignification
 u - a potion of magic {unknown}
 v - a potion of degeneration {unknown}
 x - a potion of agility {unknown}
Comestibles
 f - 5 bread rations
 g - a meat ration
 s - a fruit


   Skills:
 + Level 5.5 Fighting
 + Level 5.2 Short Blades
 + Level 4.5 Armour
 + Level 2.1 Dodging
 + Level 0.1 Stealth
 + Level 4.9 Shields


You had 6 spell levels left.
You didn't know any spells.

Dungeon Overview and Level Annotations

Branches:
Dungeon (6/15)
 Temple: D:4-7

Altars:
Qazlal

Annotations:
D:6 Alfie's ghost, novice HOFi


Message History

Alfie's ghost hits you but does no damage.
You hit Alfie's ghost but do no damage.
Alfie's ghost is moderately damaged.
Alfie's ghost hits you!
You puncture Alfie's ghost!
Alfie's ghost is heavily damaged.
Alfie's ghost hits you but does no damage.
Your scale mail prevents you from hitting Alfie's ghost.
Alfie's ghost is heavily damaged.
Alfie's ghost says, "You will join me soon!"
Alfie's ghost hits you.
* * * LOW HITPOINT WARNING * * *
You barely miss Alfie's ghost.
Alfie's ghost is heavily damaged.
Alfie's ghost hits you!
* * * LOW HITPOINT WARNING * * *
You barely miss Alfie's ghost.
Alfie's ghost is heavily damaged.
Alfie's ghost hits you!
You die...

###+##..................
........#..............#
........#..............+
........#..............###
.......o#So..?...........#
........#o.............(.#
........o.ooo.......$....#
......oo#######.....###
.......SW@..# #.......#
......oo###.# #......<...#
......... ..+......#####
.......... ##........
..........) #.....###.
............ #.....# .
............# #.....#
########....#


You could see an orc wizard, Alfie's ghost, an adder and 3 orcs.

Vanquished Creatures
  Edmund (D:5)
  A centaur (D:5)
  2 scorpions
  A crimson imp (D:5)
  An orc wizard (D:4)
  A jelly (D:5)
  Jessica (D:2)
  Ijyb (D:3)
  An iguana (D:5)
  Natasha (twice) (D:2)
  7 adders
  3 oozes
  An adder skeleton (D:4)
  3 worms
  A dart slug (D:2)
  8 orcs
  5 giant cockroaches
  15 goblins
  6 hobgoblins
  9 jackals
  4 quokkas
  5 bats
  5 frilled lizards
  7 kobolds
  A leopard gecko skeleton (D:4)
  A quokka zombie (D:5)
  6 rats
99 creatures vanquished.

Notes
Turn   | Place    | Note
-------+----------+-------------------------------------------
     0 | D:1      | Alfie the Hill Orc Fighter began the quest for the Orb.
     0 | D:1      | Reached XP level 1. HP: 19/19 MP: 1/1
   275 | D:1      | Reached XP level 2. HP: 27/27 MP: 2/2
   598 | D:1      | Reached XP level 3. HP: 33/33 MP: 3/3
  1159 | D:2      | Noticed Jessica
  1168 | D:2      | Killed Jessica
  1168 | D:2      | Reached XP level 4. HP: 40/40 MP: 4/4
  1225 | D:2      | Noticed Natasha
  1232 | D:2      | Killed Natasha
  1325 | D:2      | Reached XP level 5. HP: 41/47 MP: 5/5
  1434 | D:2      | Noticed Natasha
  1436 | D:2      | Reached skill level 1 in Dodging
  1447 | D:2      | Killed Natasha
  2339 | D:3      | Found a stormy altar of Qazlal.
  2499 | D:3      | Noticed Ijyb
  2513 | D:3      | Killed Ijyb
  2513 | D:3      | Reached XP level 6. HP: 53/53 MP: 6/6
  3349 | D:5      | Entered Level 5 of the Dungeon
  3408 | D:5      | Noticed Edmund
  3431 | D:5      | HP: 1/53 [Edmund/flail of crushing (4)]
  3437 | D:5      | HP: 1/79 [Edmund/flail of crushing (4)]
  3445 | D:5      | Killed Edmund
  3445 | D:5      | Reached skill level 5 in Fighting
  3445 | D:5      | Reached XP level 7. HP: 10/61 MP: 7/7
  3790 | D:5      | Reached skill level 5 in Short Blades
  4217 | D:6      | Noticed Alfie's ghost (novice HOFi)
  4256 | D:6      | Slain by Alfie's ghost

Skill      XL: |  1  2  3  4  5  6  7 |
---------------+----------------------+-----
Fighting       | 4 5 |  5.5
Short Blades   | 3 4 5 |  5.2
Shields        | 4 |  4.9
Dodging        | 1 2 |  2.1
Armour         | 4 |  4.5
Stealth        | |  0.1

Action                   |  1- 3 |  4- 6 |  7- 9 || total
-------------------------+-------+-------+-------++-------
Melee: Rapier            |    78 |   277 |   116 ||   471
  Use: Scroll            |       |     7 |     2 ||     9
       Potion            |       |     8 |     1 ||     9
  Eat: Royal jelly       |     1 |       |       ||     1
       Bread ration      |       |     1 |     1 ||     2
       Fruit             |       |     2 |     1 ||     3
Armor: Scale mail        |    36 |   117 |    38 ||   191
       Skin              |       |     4 |       ||     4
Dodge: Dodged            |    31 |   102 |    25 ||   158
Block: Shield            |    35 |   134 |    44 ||   213
